 Dungeon Crawl Stone Soup version 0.26.1-11-gd32895ea62 (webtiles) character file.

Game seed: 15335259242818222439

101 Zeld the Cudgeller (level 4, -3/34 (37) HPs)
             Began as a Draconian Gladiator on June 13, 2021.
             Slain by an orc
             ... wielding a +2 flail of draining
              (8 damage)
             ... on level 2 of the Dungeon.
             The game lasted 00:04:38 (2585 turns).

Zeld the Cudgeller (Draconian Gladiator)            Turns: 2585, Time: 00:04:39

HP:   -3/34 (37)    AC:  7    Str: 18    XL:     4   Next: 48%
MP:   4/4           EV: 13    Int:  8    God:
Gold: 127           SH:  0    Dex: 12    Spells: 3/3 levels left

rFire    . . .     SeeInvis .   a - +0 flail
rCold    . . .     Faith    .   (no shield)
rNeg     . . .     Spirit   .   (armour unavailable)
rPois    .         Reflect  .   b - +0 hat
rElec    .         Harm     .   (no cloak)
rCorr    .         Rampage  .   (no gloves)
Will     .....                  i - +1 pair of boots
Stlth    +.........             (no amulet)
HPRegen  0.11/turn              (no ring)
MPRegen  0.09/turn              (no ring)

@: drained
A: unfitting armour, cold-blooded, AC +5
a: no special abilities


You were on level 2 of the Dungeon.
You visited 1 branch of the dungeon, and saw 3 of its levels.

You collected 127 gold pieces.

Inventory:

Hand Weapons
 a - a +0 flail (weapon)
Missiles
 c - 3 throwing nets (quivered)
 d - 42 stones
 m - 15 poisoned darts
Armour
 b - a +0 hat (worn)
 i - a +1 pair of boots (worn)
Scrolls
 e - a scroll of teleportation {unknown}
 f - 5 scrolls of identify {unknown}
 h - 4 scrolls of remove curse {unknown}
 n - a scroll of enchant armour {unknown}
 o - a scroll of magic mapping {unknown}
Potions
 g - a potion of might {unknown}
 j - 2 potions of attraction {unknown}
 k - a potion of curing {unknown}
 l - a potion of flight {unknown}


   Skills:
 + Level 2.9 Fighting
 * Level 3.9 Maces & Flails
 * Level 2.8 Throwing
 + Level 3.1 Dodging


You had 3 spell levels left.
You didn't know any spells.
Your spell library was empty.

Dungeon Overview and Level Annotations

Branches:
Dungeon (3/15)

Altars:
Ashenzari
Okawaru
Xom
The Shining One


Innate Abilities, Weirdness & Mutations

Your plain brown scales are hard. (AC +5)
You cannot fit into any form of body armour.
You are cold-blooded and may be slowed by cold attacks.


Message History

The orc priest mumbles some strange prayers to Beogh against you.
Beogh smites you! The orc closely misses you.
You climb upwards.
Reactivating autopickup.
There is a stone staircase leading down here.
Things that are here:
a +0 dagger; a goblin skeleton You barely miss the orc.
The orc barely misses you.
Unknown command.
You hit the orc.
The orc is heavily wounded.
The orc hits you with a +2 flail of draining.
* * * LOW HITPOINT WARNING * * *
You feel drained.
* * * LOW HITPOINT WARNING * * *
Unknown command.
You hit the orc.
The orc is almost dead.
The orc hits you with a +2 flail of draining!
You die...

#.##.# #.# #..
#.##.#######.#
#.#
#............#
##.#
####.#########
#... #.# #.#.
#.# #... #รท#
##.# #.#
####.# #@#
#.....
#o######
#.##.#
#.#._..##
#.##.#
#.#.....#
#.##.#
#.......#
#.##.#
###.....#
#.##.# ##...##
#.##.# ##.##
#.##.. #>#
#.....


You could see an orc.

Vanquished Creatures
  4 adders
  2 dart slugs (D:2)
  3 leopard geckos
  An orc (D:3)
  3 giant cockroaches (D:1)
  8 goblins
  5 hobgoblins
  3 jackals (D:2)
  10 kobolds
  2 quokkas (D:2)
  A ball python (D:1)
  8 bats
  3 frilled lizards
  A rat (D:2)
54 creatures vanquished.

Notes
Turn   | Place    | Note
-------+----------+-------------------------------------------
     0 | D:1      | Zeld the Draconian Gladiator began the quest for the Orb.
     0 | D:1      | Reached XP level 1. HP: 17/17 MP: 1/1
   218 | D:1      | Reached XP level 2. HP: 25/25 MP: 2/2
   983 | D:2      | Found a broken altar of Ashenzari.
  1175 | D:2      | Found a shimmering altar of Xom.
  1277 | D:2      | Reached XP level 3. HP: 30/30 MP: 3/3
  1498 | D:2      | Found an iron altar of Okawaru.
  1620 | D:2      | Found a glowing golden altar of the Shining One.
  1902 | D:3      | Reached XP level 4. HP: 21/37 MP: 4/4
  2585 | D:2      | Slain by an orc

Illustrated notes

Levels and vault maps discovered:
D:1:      minmay_arrival_nine_rooms, layout_basic
D:2:      minmay_inner_zag, layout_loops_ring, ashenzari_altar_1,
          overflow_temple_1_default, nicolae_overflow_hidden_temple,
          lemuel_coloured_pillars_altar
D:3:      layout_loops_corners, overflow_temple_1_default, tgw_sif

Skill      XL: |  1  2  3 |
---------------+----------+-----
Throwing       | 2 |  2.8
Dodging        | 3 |  3.1
Fighting       | |  2.9
Maces & Flails | |  3.9

Action                   |  1- 3 |  4- 6 || total
-------------------------+-------+-------++-------
Melee: Flail             |   107 |    28 ||   135
       Tailslap          |     5 |     1 ||     6
 Stab: Distracted        |     1 |       ||     1
       Sleeping          |     1 |       ||     1
Armor: Skin              |    38 |     8 ||    46
Dodge: Dodged            |    91 |    36 ||   127
